 Dungeon Crawl Stone Soup version 0.31.0-12-g77e489cdc1 (webtiles) character file.

Game seed: 3771637611245437087

1136 sking99 the Apothecary (level 8, -3/54 HPs)
             Began as an Octopode Alchemist on Feb 23, 2024.
             Was an Initiate of Kikubaaqudgha.
             Succumbed to a water moccasin's poison
             ... on level 7 of the Dungeon.
             The game lasted 00:18:52 (6726 turns).

sking99 the Apothecary (Octopode Alchemist)         Turns: 6726, Time: 00:18:53

Health: -3/54      AC:  2    Str:  8    XL:     8   Next: 36%
Magic:  4/14       EV: 13    Int: 19    God:    Kikubaaqudgha [......]
Gold:   240        SH:  0    Dex: 12    Spells: 5/15 levels left

rFire   . . .        u - staff of conjuration
rCold   . . .        (no shield)
rNeg    + . .        o - +1 hat
rPois   .            (no amulet)
rElec   .            n - ring of positive energy
rCorr   .            (no ring)
SInv    .            (no ring)
Will    .....        (no ring)
Stlth   +++          (no ring)
HPRegen 0.29/turn    (no ring)
MPRegen 0.14/turn    (no ring)
                     (no ring)

%: no passive effects
@: lethally poisoned (-3 -> -27)
A: almost no armour, amphibious, 8 rings, camouflage 1, gelatinous body 1,
(nimble swimmer 1), tentacles
a: Renounce Religion


You were on level 7 of the Dungeon.
You worshipped Kikubaaqudgha.
Kikubaaqudgha was noncommittal.
You visited 1 branch of the dungeon, and saw 7 of its levels.

You collected 240 gold pieces.

Inventory:

Hand Weapons
 q - a +0 dagger
Armour
 o - a +1 hat (worn)
Magical Staves
 u - a staff of conjuration (weapon)
Jewellery
 n - a ring of positive energy (left tentacle)
Wands
 j - a wand of charming (13)
 s - a wand of flame (10)
Scrolls
 d - a scroll of fog {unknown}
 e - a scroll of vulnerability
 f - 2 scrolls of teleportation
 h - 2 scrolls of enchant weapon {unknown}
 p - 4 scrolls of identify {unknown}
Potions
 a - a potion of magic
 b - 3 potions of cancellation
 c - 2 potions of heal wounds {unknown}
 g - a potion of lignification {unknown}
 i - a potion of mutation {unknown}
 k - a potion of haste {unknown}
 l - a potion of brilliance {unknown}
 m - 2 potions of curing {unknown}
 r - a potion of berserk rage {unknown}
 t - 2 potions of attraction {unknown}


   Skills:
 + Level 3.8 Fighting
 - Level 2.0 Dodging
 - Level 3.6 Stealth
 + Level 4.2 Spellcasting
 - Level 3.0 Conjurations
 + Level 0.5 Necromancy
 - Level 3.0 Air Magic
 + Level 7.2 Alchemy


You had 5 spell levels left.
You knew the following spells:

 Your Spells              Type           Power      Damage    Failure   Level
a - Sting                 Conj/Alch      100%       1d9       1%          1
b - Mercury Vapours       Alch/Air       46%        N/A       2%          2
c - Mephitic Cloud        Conj/Alch/Air  31%        N/A       7%          3
d - Olgreb's Toxic Radia  Alch           31%        N/A       7%          4

Your spell library contained the following spells:

 Spells                   Type           Power      Damage    Failure   Level
 Cigotuvi's Dreadful Rot  Necr/Alch/Air  34%        N/A       4%          2
 Sublimation of Blood     Necr           6%         N/A       17%         2
 Petrify                  Alch/Erth      17%        N/A       30%         4
 Sticky Flame             Fire/Alch      17%        2d5       30%         4
 Irradiate                Conj/Alch      17%        3d17      41%         5
 Dispel Undead            Necr           6%         3d8       73%         4
 Martyr's Knell           Necr/Summ      5%         N/A       77%         4
 Death Channel            Necr           3%         N/A       100%        6


Dungeon Overview and Level Annotations

Branches:
Dungeon (7/15)             Temple (0/1) D:6

Altars:
Ashenzari
Cheibriados
Dithmenos
Elyvilon
Gozag
Kikubaaqudgha
Makhleb
Ru
Trog
Xom
Yredelemnul
Zin

Shops:
D:6 ****[

Annotations:
D:2 1 runed translucent door, Crazy Yiuf


Innate Abilities, Weirdness & Mutations

You cannot wear most types of armour.
You are amphibious.
You can wear up to eight rings at the same time.
Your skin changes colour to match your surroundings (Stealth+).
Your rubbery body absorbs attacks. (AC +1, EV +1)
((You are camouflaged when in or above water. (Stealth+)))
You have tentacles for arms and can constrict up to eight enemies at once.


Message History

The black bear looks even sicker.
Your toxic aura wanes.
You feel sick.
You feel sick. The water moccasin bites you.
You feel sick.
The water moccasin attacks as it pursues you!
The water moccasin bites you but does no damage.
You feel sick.
You feel sick.
You are no longer poisoned.
The water moccasin barely misses you.
There is a stone staircase leading up here.
You closely miss the water moccasin. You grab the water moccasin.
The water moccasin is severely wounded.
You constrict the water moccasin.
The water moccasin bites you but does no damage.
The water moccasin bites you!
* * * LOW HITPOINT WARNING * * *
You are poisoned.
The water moccasin poisons you!
Unknown command.
Casting: Olgreb's Toxic Radiance (dangerous; 7% risk of failure)
Confirm with . or Enter, or press ? or * to list all spells.
Aiming: Sting (safe; 1% risk of failure)
Press: ? - help, Shift-Dir - straight line, f/p - water moccasin
Aim: a water moccasin (almost dead, constricted by you, very poisoned, 98% to hit)
You feel a surge of power!
The sting hits the water moccasin.
The water moccasin partially resists.
The water moccasin looks even sicker.
The water moccasin is almost dead.
You constrict the water moccasin, but do no damage.
* * * LOW HITPOINT WARNING * * *
You feel very sick. The water moccasin bites you!
* * * LOW HITPOINT WARNING * * *
You are more poisoned.
The water moccasin poisons you!
It was a potion of cancellation.
You feel magically purged.
You constrict the water moccasin.
You die...
Kikubaaqudgha rasps: "You have failed me!
Welcome... death!"

#.....# #.....#
#.....# #.....#
#.....# #.....#
#.....######
#........S@#
............h<#
..............#
..............#
..............#
.........†....#
..............#
..............#
..........#


You could see a water moccasin (very poisoned) and a black bear (very poisoned).

Vanquished Creatures
  A water moccasin (D:5)
  An orc warrior (D:6)
  A phantom (D:5)
  A bullfrog (D:6)
  3 scorpions
  A bombardier beetle (D:7)
  A crimson imp (D:6)
  A hound (D:5)
  2 jellies
  3 orc priests
  2 iguanas (D:5)
  Ijyb (D:2)
  3 orc wizards
  5 adders
  2 shadow imps (D:6)
  2 white imps
  2 ufetubi (D:5)
  5 dart slugs
  A ribbon worm (D:3)
  15 orcs
  5 ball pythons
  5 bats
  9 endoplasms
  6 giant cockroaches
  8 goblins
  10 hobgoblins
  13 jackals
  6 kobolds (D:2)
  3 quokkas
  5 frilled lizards
  9 rats
132 creatures vanquished.

Vanquished Creatures (others)
  A human (D:3)
1 creature vanquished.

Grand Total: 133 creatures vanquished

Notes
Turn   | Place    | Note
-------+----------+-------------------------------------------
     0 | D:1      | sking99 the Octopode Alchemist began the quest for the Orb.
     0 | D:1      | Reached XP level 1. HP: 11/11 MP: 3/3
    79 | D:1      | Reached XP level 2. HP: 13/17 MP: 0/5
   218 | D:1      | Learned a level 2 spell: Mercury Vapours
   403 | D:1      | Reached XP level 3. HP: 17/22 MP: 0/6
  1123 | D:1      | Reached skill level 4 in Alchemy
  1345 | D:2      | Reached skill level 1 in Fighting
  1345 | D:2      | Reached XP level 4. HP: 27/28 MP: 1/7
  1464 | D:2      | Found a broken altar of Ashenzari.
  1704 | D:2      | Learned a level 3 spell: Mephitic Cloud
  1966 | D:2      | Reached skill level 1 in Air Magic
  1966 | D:2      | Reached XP level 5. HP: 30/33 MP: 3/8
  2115 | D:2      | Found a runed translucent door.
  2116 | D:2      | Noticed Crazy Yiuf
  2193 | D:2      | Noticed Ijyb
  2219 | D:2      | Killed Ijyb
  2902 | D:3      | Reached skill level 5 in Alchemy
  2902 | D:3      | Reached XP level 6. HP: 39/39 MP: 4/10
  3076 | D:3      | Found a sacrificial altar of Ru.
  3315 | D:3      | Found an ancient bone altar of Kikubaaqudgha.
  3316 | D:3      | Noticed a human
  3323 | D:3      | Killed a human
  3357 | D:3      | Found a white marble altar of Elyvilon.
  3453 | D:3      | Found a snail-covered altar of Cheibriados.
  3805 | D:4      | Learned a level 4 spell: Olgreb's Toxic Radiance
  4270 | D:3      | Became a worshipper of Kikubaaqudgha
  4318 | D:5      | Entered Level 5 of the Dungeon
  4524 | D:5      | Found a bloodstained altar of Trog.
  4530 | D:5      | Reached XP level 7. HP: 45/45 MP: 6/11
  4915 | D:5      | Identified the +5 robe of Tempters {-Tele Harm rPois
                  | Regen+}
  4945 | D:5      | Found an opulent altar of Gozag.
  4945 | D:5      | Found a glowing silver altar of Zin.
  4983 | D:5      | Found a shadowy altar of Dithmenos.
  4983 | D:5      | Found a basalt altar of Yredelemnul.
  5016 | D:5      | Reached skill level 6 in Alchemy
  5674 | D:6      | Found the +6 shillelagh "Devastator" {shatter}
  5688 | D:6      | Found Ediokuup's General Store.
  5846 | D:6      | Reached XP level 8. HP: 51/52 MP: 8/13
  6136 | D:6      | Reached skill level 7 in Alchemy
  6341 | D:6      | Found a staircase to the Ecumenical Temple.
  6380 | D:6      | Found Migi Moan's Assorted Antiques.
  6430 | D:6      | Found Honen's Antique Armour Emporium.
  6478 | D:6      | Found a shimmering altar of Xom.
  6502 | D:6      | Found a burning altar of Makhleb.
  6550 | D:6      | Found Anoif's Assorted Antiques.
  6631 | D:6      | Found Jujov's General Store.
  6726 | D:7      | Succumbed to a water moccasin's poison

Illustrated notes

Levels and vault maps discovered:
D:1:      doesnt_arrival_eight_statues, layout_loops_ring
D:2:      kennysheep_the_goblin_king, layout_rooms, basic_altar,
          serial_park_tiny_pond, minivault_4, minmay_misc_feat_ornament,
          uniq_crazy_yiuf_cottage
D:3:      layout_rooms, old_standard_altar, tgw_kikubaaqudgha,
          mainiacjoe_overflow_24_doors, mainiacjoe_overflow_chevrons,
          serial_rivers, chequers_serial_rivers_marsh,
          chequers_serial_rivers_marsh, chequers_serial_rivers_micro_b,
          chequers_serial_rivers_micro_d, hangedman_abyss_or_decor_lesser_grid,
          serial_bayou_lagoon_b
D:4:      layout_rooms
D:5:      layout_basic, grunt_temple_overflow_gold_and_silver,
          trog_three_pillars_becter, gammafunk_temple_overflow_statue,
          glass_columns_c, kennysheep_generic_room_11, uniq_ijyb
D:6:      layout_rooms, grunt_temple_overflow_champion_of_chaos,
          temple_fountains, serial_shops, nicolae_shop_peninsula, shop,
          shop_statue, nicolae_shop_tiny_waterfront, nicolae_shop_peninsula
D:7:      layout_gridville, serial_shops, shop, enter_bailey_3

Skill      XL: |  1  2  3  4  5  6  7  8 |
---------------+-------------------------+-----
Stealth        | 3 |  3.6
Alchemy        | 4 5 6 7 |  7.2
Fighting       | 1 2 3 |  3.8
Conjurations   | 2 3 |  3.0
Air Magic      | 1 2 3 |  3.0
Spellcasting   | 3 4 |  4.2
Dodging        | |  2.0
Necromancy     | |  0.5

Action                     |  1- 3 |  4- 6 |  7- 9 || total
---------------------------+-------+-------+-------++-------
  Melee: Unarmed           |    27 |    17 |       ||    44
         Tentacles         |     7 |     5 |    14 ||    26
         Constrict         |     6 |     5 |     8 ||    19
         Punch             |       |     1 |     1 ||     2
         Dagger            |       |       |    36 ||    36
         Staff             |       |       |     7 ||     7
   Cast: Sting             |    54 |   127 |   101 ||   282
         Mercury Vapours   |     3 |     8 |     9 ||    20
         Olgreb's Toxic Ra |       |       |     1 ||     1
    Use: Scroll            |       |     5 |       ||     5
         Potion            |       |       |     1 ||     1
 Armour: Skin              |    19 |    34 |    69 ||   122
  Dodge: Dodged            |    35 |    69 |    61 ||   165
